Map: Ascension to Aiur LE

Players

Serral - Winner!

  • Race: Zerg Zerg
  • Spawn Location: 5:00

PtitDrogo

  • Race: Protoss Protoss
  • Spawn Location: 11:00

Event: WCS Jonkoping 2017

VOD

https://youtu.be/ptxOxJVZih8

Description

Time

  • Played on: June 19, 2017, 6:28 a.m.
  • Length: 11:49

All games in this series

Show
View Real Time Build Order
Export as new Build Order

Serral Zerg - Winner!

Build Orders: Hatch First 

Get SALT Encoding   

  12  0:00  Drone  
  13  0:12  Overlord  
  13  0:17  Drone  
  14  0:30  Drone  
  14  0:31  Drone  
  14  0:34  Drone  
  17  0:51  Hatchery  
  17  0:55  Drone  
  17  0:58  Drone  
  18  1:09  Extractor  
  17  1:13  Spawning Pool  
  17  1:15  Drone  
  17  1:18  Drone  
  18  1:28  Drone  
  19  1:38  Overlord  
  19  1:49  Drone  
  20  1:59  Queen  
  20  2:00  Zergling x2  
  23  2:04  Queen  
  23  2:05  Drone  
  26  2:08  Metabolic Boost  
  26  2:11  Drone  
  26  2:14  Drone  
  28  2:22  Zergling x2  
  29  2:30  Drone  
  29  2:36  Hatchery  
  29  2:38  Drone  
  29  2:40  Drone  
  29  2:43  Drone  
  32  2:50  Queen  
  33  2:55  Overlord  
  33  2:58  Drone  
  34  3:01  Drone  
  35  3:06  Overlord  
  35  3:08  Drone  
  36  3:17  Zergling x2  
  36  3:19  Drone x3  
  40  3:23  Overlord  
  40  3:25  Drone x2  
  40  3:26  Drone  
  43  3:29  Drone  
  44  3:38  Overlord  
  46  3:42  Lair, Roach Warren  
  46  3:43  Drone  
  46  3:45  Drone  
  46  3:47  Drone  
  46  3:49  Drone x2  
  46  3:50  Extractor  
  46  3:52  Drone  
  48  3:57  Drone  
  48  4:00  Drone x3  
  52  4:04  Overlord  
  52  4:05  Drone  
  52  4:08  Drone  
  54  4:12  Drone  
  54  4:13  Drone x2  
  57  4:20  Spore Crawler  
  57  4:23  Roach x4  
  64  4:28  Spore Crawler  
  63  4:32  Roach x2  
  63  4:34  Queen  
  63  4:38  Extractor  
  68  4:40  Overseer  
  68  4:43  Roach x2  
  72  4:46  Zergling x4  
  72  4:48  Overlord  
  72  4:49  Overlord  
  72  4:51  Overseer  
  74  4:57  Overlord  
  74  5:01  Overlord  
  74  5:05  Evolution Chamber  
  74  5:06  Overlord  
  73  5:08  Drone x5  
  78  5:17  Roach x2  
  78  5:19  Drone x3  
  85  5:22  Extractor  
  85  5:24  Overlord  
  84  5:29  Overlord  
  84  5:33  Drone x7  
  84  5:35  Drone  
  89  5:39  Zerg Melee Weapons Level 1  
  89  5:40  Drone  
  90  5:43  Drone  
  90  5:44  Drone  
  90  5:48  Overlord  
  92  5:52  Drone  
  92  5:56  Hydralisk Den, Baneling Nest  
  91  5:57  Overlord  
  91  5:58  Drone x2  
  91  6:01  Drone x3  
  91  6:02  Drone x2  
  97  6:06  Extractor  
  97  6:07  Drone x3, Extractor  
  98  6:20  Hatchery  
  97  6:28  Hydralisk x4, Muscular Augments  
  97  6:29  Zergling x8  
  108  6:33  Overlord  
  108  6:35  Overlord  
  108  6:38  Overlord  
  108  6:42  Centrifical Hooks  
  108  6:43  Hydralisk x2  
  112  6:49  Overlord  
  112  6:54  Hatchery  
  112  6:55  Hydralisk  
  112  6:56  Hydralisk x2  
  118  7:02  Overlord  
  118  7:11  Hydralisk x2  
  118  7:12  Hydralisk x2  
  126  7:16  Overlord  
  126  7:18  Drone  
  126  7:19  Drone x8  
  136  7:22  Drone  
  136  7:23  Drone  
  136  7:29  Hydralisk x2  
  137  7:30  Hydralisk, Zergling x2  
  144  7:37  Overlord  
  144  7:38  Zergling x8  
  144  7:44  Zergling x4  
  150  7:47  Glial Reconstitution  
  150  7:51  Overlord  
  150  7:52  Hydralisk x3  
  150  7:53  Zergling x2  
  150  7:58  Hydralisk x2  
  157  7:59  Zergling x6  
  157  8:00  Baneling x3  
  157  8:01  Baneling  
  157  8:04  Baneling x6  
  164  8:06  Baneling  
  164  8:07  Queen  
  164  8:09  Zergling x8  
  170  8:13  Hatchery  
  170  8:16  Drone  
  170  8:19  Zergling x10  
  175  8:21  Zerg Melee Weapons Level 2  
  175  8:23  Baneling x4  
  175  8:28  Zergling x2  
  175  8:29  Zergling x8  
  180  8:35  Baneling x6  
  180  8:41  Zergling x2  
  180  8:42  Zergling x10  
  186  8:49  Overlord  
  186  8:51  Hatchery  
  186  8:53  Hydralisk x2, Zergling x4  
  186  8:54  Zergling x2  
  186  8:58  Queen  
  186  9:00  Zergling x10  
  191  9:04  Infestation Pit  
  191  9:08  Overlord  
  190  9:16  Zergling x2  
  190  9:17  Zergling x14  
  197  9:18  Baneling x7  
  197  9:19  Baneling x8  
  197  9:22  Zergling x4  
  199  9:34  Drone  
  155  9:46  Zergling x2  
  155  9:47  Zergling x26  
  159  9:54  Baneling x9  
  159  9:55  Baneling x7, Zergling x2  
  159  9:56  Zergling x6  
  159  9:58  Zergling x8  
  167  10:01  Zergling x6  
  167  10:02  Zergling x6  
  167  10:05  Queen  
  167  10:06  Baneling x2  
  175  10:11  Zergling x2  
  175  10:12  Zergling x12  
  182  10:16  Drone x2, Zergling x2  
  184  10:35  Zergling x22  
  159  10:36  Zergling x16  
  159  10:41  Queen  
  161  10:45  Zergling x2  
  161  10:46  Zergling x10  
  161  10:49  Baneling x9, Spire  
  166  10:50  Baneling  
  166  10:51  Baneling x3  
  166  10:52  Baneling x3  
  166  10:59  Hydralisk x2  
  166  11:00  Zergling x10  
  175  11:05  Drone x3  
  175  11:06  Extractor  
  175  11:10  Baneling x7  
  177  11:18  Zergling x24  
  158  11:23  Baneling x6  
  158  11:24  Baneling  
  159  11:31  Zergling x2  
  159  11:32  Zergling x20  
Show
View Real Time Build Order
Export as new Build Order

PtitDrogo Protoss 

Build Orders: 1 Gate Expand, Zealot Archon, Dark Templar Rush 

Get SALT Encoding   

  12  0:01  Probe (Chrono Boost)  
  13  0:11  Probe (Chrono Boost)  
  14  0:17  Pylon  
  14  0:22  Probe (Chrono Boost)  
  16  0:35  Probe (Chrono Boost)  
  16  0:38  Gateway  
  16  0:46  Probe (Chrono Boost)  
  16  0:47  Assimilator  
  17  0:57  Probe (Chrono Boost)  
  18  1:07  Probe (Chrono Boost)  
  19  1:20  Nexus  
  19  1:24  Probe (Chrono Boost)  
  20  1:35  Cybernetics Core  
  20  1:37  Probe (Chrono Boost)  
  21  1:42  Assimilator  
  21  1:47  Probe (Chrono Boost)  
  21  1:51  Pylon  
  22  1:58  Probe (Chrono Boost)  
  23  2:09  Probe (Chrono Boost)  
  23  2:11  Warp Gate, Adept (Chrono Boost)  
  26  2:20  Probe  
  27  2:26  Twilight Council  
  27  2:31  Probe  
  27  2:32  Probe  
  27  2:36  Stalker (Chrono Boost)  
  31  2:41  Probe  
  32  2:44  Probe  
  33  2:52  Probe  
  33  2:57  Gateway  
  34  3:02  Probe (Chrono Boost)  
  35  3:07  Probe (Chrono Boost), Robotics Facility  
  36  3:14  Probe (Chrono Boost)  
  36  3:19  Probe (Chrono Boost)  
  38  3:24  Probe (Chrono Boost)  
  38  3:25  Dark Shrine  
  39  3:29  Probe (Chrono Boost)  
  40  3:37  Gateway  
  40  3:38  Gateway  
  40  3:40  Probe (Chrono Boost)  
  40  3:41  Probe (Chrono Boost)  
  42  3:42  Pylon  
  42  3:50  Probe (Chrono Boost)  
  42  3:51  Probe (Chrono Boost)  
  42  3:54  Warp Prism (Chrono Boost)  
  46  3:56  Assimilator  
  46  4:00  Probe  
  46  4:01  Assimilator  
  46  4:02  Probe  
  48  4:09  Pylon  
  48  4:11  Probe  
  48  4:13  Pylon  
  48  4:14  Probe  
  50  4:21  Probe  
  51  4:26  Probe  
  52  4:32  Probe  
  53  4:39  Probe  
  53  4:42  Probe  
  55  4:46  Dark Templar x2  
  55  4:47  Dark Templar x2  
  55  4:50  Archon  
  55  4:51  Archon, Probe  
  64  4:53  Probe  
  64  4:55  Nexus  
  64  4:59  Pylon  
  65  5:02  Mothership Core  
  65  5:03  Probe  
  65  5:05  Pylon  
  65  5:06  Observer (Chrono Boost)  
  69  5:15  Probe  
  70  5:22  Sentry x2, Probe  
  70  5:27  Probe  
  76  5:32  Probe  
  77  5:37  Forge  
  77  5:38  Immortal (Chrono Boost)  
  77  5:39  Probe  
  82  5:43  Probe  
  82  5:47  Charge  
  83  5:51  Probe  
  83  5:53  Probe  
  85  5:58  Assimilator  
  85  6:02  Assimilator  
  85  6:03  Probe  
  86  6:05  Probe x2  
  86  6:06  Gateway x2  
  86  6:09  Immortal (Chrono Boost)  
  88  6:15  Probe  
  88  6:17  Probe x2  
  95  6:27  Probe  
  98  6:37  Protoss Ground Weapons Level 1 (Chrono Boost)  
  98  6:38  Pylon  
  96  6:40  Gateway  
  96  6:41  Pylon  
  96  6:42  Photon Cannon, Gateway  
  96  6:43  Gateway  
  96  6:48  Zealot x2  
  96  6:51  Immortal  
  96  6:52  Pylon  
  100  6:54  Templar Archives  
  100  6:57  Photon Cannon, Pylon  
  100  6:59  Pylon  
  104  7:14  Zealot x6  
  116  7:19  Pylon x2  
  116  7:23  Pylon  
  116  7:25  Psionic Storm  
  116  7:27  Pylon  
  116  7:29  Immortal  
  120  7:39  High Templar x4  
  127  7:47  Zealot  
  127  7:49  Sentry  
  127  7:50  Photon Cannon  
  131  7:53  High Templar  
  133  8:01  Zealot  
  133  8:04  Zealot  
  137  8:08  Immortal  
  137  8:10  Nexus  
  139  8:13  Zealot, Pylon, High Templar x2  
  139  8:14  Zealot x3  
  139  8:17  Archon, Pylon  
  151  8:28  Protoss Ground Weapons Level 2 (Chrono Boost)  
  151  8:29  Zealot x3  
  156  8:37  Zealot x4  
  164  8:44  Pylon  
  164  8:46  Pylon  
  164  8:47  Pylon, Immortal  
  168  8:54  High Templar  
  168  8:55  High Templar  
  170  8:56  Zealot  
  170  8:59  Archon  
  166  9:04  Zealot x3  
  170  9:12  Zealot, Nexus  
  170  9:16  Pylon, High Templar x2  
  174  9:19  High Templar  
  174  9:20  Archon  
  174  9:25  High Templar  
  174  9:26  Zealot x2  
  174  9:27  Zealot x2  
  174  9:29  Archon  
  184  9:34  Photon Cannon  
  184  9:38  Photon Cannon  
  178  9:45  Photon Cannon  
  146  9:48  Zealot x5  
  153  9:54  Immortal  
  153  9:56  Probe  
  158  10:02  High Templar x2  
  158  10:03  High Templar x2  
  166  10:07  Archon x2  
  166  10:11  Assimilator  
  166  10:15  Assimilator  
  166  10:16  Zealot x2  
  170  10:25  High Templar x2  
  170  10:26  Zealot  
  172  10:29  Probe  
  147  10:41  Probe x2  
  137  10:44  High Templar x2  
  137  10:45  Zealot  
  137  10:46  Zealot x4  
  137  10:47  Immortal  
  153  10:53  Probe  
  154  10:59  Probe  
  154  11:00  Probe x2  
  157  11:05  Probe  
  158  11:12  Probe  
  158  11:18  Zealot x7  
  127  11:33  Zealot x2  
Tags
 
Add a new tag
Caveats
  • Supply blocks, unpowered buildings, or Contaminate may cause inaccurate times.
  • Supply counts are checked every 10 seconds.